 Dungeon Crawl Stone Soup version 0.30.1-9-gdf580d7c3d (webtiles) character file.

Game seed: 4316454588519532779

582 safid the Chiller (level 7, -6/53 HPs)
             Began as a Merfolk Ice Elementalist on Sept 27, 2023.
             Mangled by Duvessa
             ... wielding a +0 short sword
              (10 damage)
             ... on level 4 of the Dungeon.
             The game lasted 00:04:23 (2940 turns).

safid the Chiller (Merfolk Ice Elementalist)        Turns: 2940, Time: 00:04:24

Health: -6/53      AC:  8    Str: 10    XL:     7   Next: 36%
Magic:  4/12       EV: 13    Int: 17    God:
Gold:   142        SH:  4    Dex: 14    Spells: 6/13 levels left

rFire   . . .        j - +8 mace "Leviticus" {freeze, Str+2}
rCold   . . .        o - +0 buckler
rNeg    . . .        a - +0 robe
rPois   .            (no helmet)
rElec   .            (no cloak)
rCorr   .            (no gloves)
SInv    .            (no boots)
Will    +....        d - amulet of regeneration
Stlth   ++           k - ring of willpower
HPRegen 1.08/turn    (no ring)
MPRegen 0.13/turn

%: no passive effects
@: ice-armoured, freezing walls, very slightly contaminated
A: (nimble swimmer 2), mertail
a: no special abilities


You were on level 4 of the Dungeon.
You visited 1 branch of the dungeon, and saw 4 of its levels.

You collected 142 gold pieces.

Inventory:

Hand Weapons
 j - the +8 mace "Leviticus" (weapon) {freeze, Str+2}
   (You found it on level 2 of the Dungeon)

   Str:       It affects your strength (+2).
Armour
 a - a +0 robe (worn)
 o - a +0 buckler (worn)
Jewellery
 d - an amulet of regeneration (around neck)
 k - a ring of willpower (left hand)
Wands
 r - a wand of flame (22)
 t - a wand of roots (12)
 u - a wand of digging (4)
Scrolls
 c - 2 scrolls of vulnerability {unknown}
 i - 3 scrolls of identify {unknown}
 l - a scroll of amnesia {unknown}
 m - a scroll of teleportation {unknown}
 n - a scroll of fog {unknown}
 p - a scroll of enchant weapon {unknown}
 q - a scroll of magic mapping {unknown}
 s - a scroll of immolation {unknown}
Potions
 b - a potion of magic
 f - a potion of curing
 g - 3 potions of haste {unknown}
 h - a potion of lignification {unknown}


   Skills:
 + Level 3.9 Fighting
 + Level 4.7 Dodging
 - Level 2.1 Stealth
 + Level 2.1 Shields
 + Level 3.9 Spellcasting
 + Level 6.1 Ice Magic


You had 6 spell levels left.
You knew the following spells:

 Your Spells              Type           Power      Damage    Failure   Level
a - Freeze                Ice            96%        1d10      1%          1
b - Frozen Ramparts       Ice            48%        1d8       5%          3
c - Ozocubu's Armour      Ice            24%        N/A       5%          3

Your spell library contained the following spells:

 Spells                   Type           Power      Damage    Failure   Level
 Kiss of Death            Conj/Necr      12%        2d6       24%         1
 Summon Small Mammal      Summ           12%        N/A       24%         1
 Summon Ice Beast         Ice/Summ       13%        N/A       54%         4
 Call Canine Familiar     Summ           3%         N/A       56%         3
 Confusing Touch          Hex            3%         N/A       56%         3
 Summon Guardian Golem    Hex/Summ       3%         N/A       56%         3
 Dispel Undead            Necr           3%         3d7       93%         4
 Alistair's Intoxication  Tmut/Pois      2%         N/A       100%        5
 Borgnjor's Vile Clutch   Necr/Erth      1%         N/A       100%        5
 Eringya's Noxious Bog    Tmut/Pois      1%         N/A       100%        6


Dungeon Overview and Level Annotations

Branches:
Dungeon (4/15)
 Temple: D:4-7

Altars:
Fedhas
Gozag
Qazlal
Sif Muna
The Shining One

Annotations:
D:4 Duvessa


Innate Abilities, Weirdness & Mutations

((You are very nimble when in or above water. (Stealth+, EV+, Speed+++)))
Your lower body shifts to a powerful aquatic tail in water.


Message History

Unknown command.
Casting: Frozen Ramparts (dangerous; 5% risk of failure)
Confirm with . or Enter, or press ? or * to list all spells.
A film of ice covers your body! Duvessa hits you with a +0 short sword!
Unknown command.
Casting: Ozocubu's Armour (dangerous; 5% risk of failure)
Confirm with . or Enter, or press ? or * to list all spells.
Casting: Frozen Ramparts (dangerous; 5% risk of failure)
Press: ? - help, Dir - look around, f - activate The walls around you are covered in ice.
The wall freezes Duvessa.
You block Duvessa's attack.
The wall freezes Duvessa.
Duvessa hits you with a +0 short sword!
Unknown command.
You hit Duvessa but do no damage.
Duvessa is lightly wounded.
The wall freezes Duvessa but does no damage.
Duvessa hits you with a +0 short sword!
The wall freezes Duvessa.
Duvessa hits you with a +0 short sword!
* * * LOW HITPOINT WARNING * * *
Unknown command.
Okay, then.
You hit Duvessa. You freeze Duvessa.
Duvessa is heavily wounded.
The wall freezes Duvessa.
Duvessa closely misses you.
The wall freezes Duvessa.
Duvessa hits you with a +0 short sword!
* * * LOW HITPOINT WARNING * * *
A goblin comes into view. It is wielding a +0 dagger.
Unknown command.
As you read the scroll labelled XEXE SYN RESM, it crumbles to dust.
It is a scroll of brand weapon.
You aren't carrying any weapons that can be branded.
The wall freezes Duvessa.
Duvessa hits you but does no damage.
The wall freezes Duvessa.
Duvessa hits you but does no damage.
You barely miss Duvessa.
Duvessa is severely wounded.
The wall freezes Duvessa.
Duvessa misses you.
The wall freezes Duvessa but does no damage.
Duvessa hits you with a +0 short sword!
You die...

#.......(## #.........
#.......# #.......#
####.......# ###
######..........# ###....
.....'..........+ .......
######..........##.......
#.........†@e...g...
#...#####...........
#...# #.........## #####
#.....>#..# #......# .#
#......# # ##'........
.'.......### ##
##..(..$...#


You could see Duvessa (berserk) and a goblin.

Vanquished Creatures
  Grinder (D:4)
  A phantom (D:3)
  Dowan (D:4)
  A hound (D:4)
  A jelly (D:3)
  Jessica (D:3)
  An iguana (D:4)
  Ijyb (D:4)
  3 adders
  A worm (D:2)
  3 dart slugs
  An orc (D:4)
  10 ball pythons
  5 endoplasms
  2 giant cockroaches
  8 goblins
  9 hobgoblins
  8 kobolds
  3 quokkas
  9 bats
  8 frilled lizards
  5 rats
83 creatures vanquished.

Notes
Turn   | Place    | Note
-------+----------+-------------------------------------------
     0 | D:1      | safid the Merfolk Ice Elementalist began the quest for the
                  | Orb.
     0 | D:1      | Reached XP level 1. HP: 13/13 MP: 3/3
   134 | D:1      | Reached XP level 2. HP: 20/20 MP: 5/5
   204 | D:1      | Reached skill level 1 in Fighting
   472 | D:1      | Reached XP level 3. HP: 23/26 MP: 6/6
   488 | D:1      | Learned a level 3 spell: Frozen Ramparts
   862 | D:1      | Learned a level 3 spell: Ozocubu's Armour
   944 | D:2      | Identified the +0 leather armour of the Guardian {*Corrode
                  | Str+3 Dex+3}
  1060 | D:2      | Identified the +3 ring mail of Qaqebyne {rN+ Will+}
  1089 | D:2      | Identified the +8 mace "Leviticus" {freeze, Str+2}
  1342 | D:2      | Reached skill level 5 in Ice Magic
  1342 | D:2      | Reached XP level 4. HP: 20/33 MP: 6/8
  1791 | D:2      | Found a faded altar of an unknown god.
  1903 | D:3      | Noticed a phantom
  1912 | D:3      | Killed a phantom
  1913 | D:3      | Reached XP level 5. HP: 38/39 MP: 9/9
  2205 | D:3      | Found a blossoming altar of Fedhas.
  2513 | D:3      | Noticed Jessica
  2522 | D:3      | Killed Jessica
  2523 | D:3      | Reached XP level 6. HP: 34/47 MP: 9/11
  2541 | D:3      | Found a shimmering blue altar of Sif Muna.
  2703 | D:3      | Found a stormy altar of Qazlal.
  2708 | D:3      | Found a glowing golden altar of the Shining One.
  2741 | D:4      | Noticed Duvessa
  2745 | D:4      | Noticed Grinder
  2756 | D:4      | Killed Grinder
  2757 | D:4      | Reached skill level 1 in Shields
  2757 | D:4      | Reached XP level 7. HP: 19/52 MP: 12/12
  2805 | D:4      | Noticed Ijyb
  2817 | D:4      | Killed Ijyb
  2836 | D:4      | Found an opulent altar of Gozag.
  2881 | D:4      | Reached skill level 6 in Ice Magic
  2919 | D:4      | Noticed Dowan
  2929 | D:4      | Killed Dowan
  2938 | D:4      | HP: 2/53 [Duvessa/+0 short sword (15)]
  2940 | D:4      | Mangled by Duvessa

Illustrated notes

Levels and vault maps discovered:
D:1:      dpeg_arrival_stone_temple_mockup, layout_loops_ring, st_stairs_2
D:2:      layout_basic, shapermc_ecumenical_altar_hornbeckon
D:3:      layout_basic, minitemple, fedhas_altar_fruit_tree, tgw_sif
D:4:      layout_basic, mainiacjoe_overflow_cross_hatched, portal_sewer_entry_b,
          minmay_misc_feat_alley, st_stairs_14, minmay_between, uniq_grinder,
          uniq_ijyb, uniq_duvessa

Skill      XL: |  1  2  3  4  5  6  7 |
---------------+----------------------+-----
Fighting       | 1 2 3 |  3.9
Ice Magic      | 5 6 |  6.1
Dodging        | 3 4 |  4.7
Spellcasting   | 3 |  3.9
Shields        | 1 2 |  2.1
Stealth        | |  2.1

Action                     |  1- 3 |  4- 6 |  7- 9 || total
---------------------------+-------+-------+-------++-------
  Melee: Short sword       |   117 |       |       ||   117
         Punch             |     2 |     1 |       ||     3
         Mace              |    23 |    64 |    36 ||   123
   Cast: Freeze            |     3 |       |       ||     3
         Ozocubu's Armour  |       |       |     1 ||     1
         Frozen Ramparts   |       |       |     1 ||     1
    Use: Scroll            |       |       |     1 ||     1
   Stab: Sleeping          |     8 |     2 |       ||    10
 Armour: Robe              |    43 |     8 |     4 ||    55
  Dodge: Dodged            |   131 |    34 |    22 ||   187
  Block: Buckler           |       |     4 |    11 ||    15
